 Dungeon Crawl Stone Soup version 0.32-a0-656-g3542139ebd (webtiles) character file.

Game seed: 12065583331187846788

307 Xavori the Trooper (level 6, -2/51 HPs)
             Began as a Djinni Chaos Knight on Mar 9, 2024.
             Was a Plaything of Xom.
             Slain by an orc
             ... wielding a +0 hand axe
              (6 damage)
             ... on level 5 of the Dungeon.
             The game lasted 00:03:46 (6985 turns).

Xavori the Trooper (Djinni Chaos Knight)            Turns: 6985, Time: 00:03:46

Health: -2/51      AC:  6    Str: 20    XL:     6   Next: 68%
Gold:   307        EV: 12    Int: 21    God:    Xom [....*.] SH:  4 Dex: 10

rFire   + + +        a - +0 falchion (chaos)
rCold   + . .        (no shield)
rNeg    . . .        b - +2 leather armour
rPois   ∞            (helmet restricted)
rElec   +            s - +0 cloak
rCorr   +            (no gloves)
SInv    .            (boots unavailable)
Will    .....        (no amulet)
Stlth   +            i - ring of the Rose {rC+ Str+6 Int+4}
HPRegen 0.28/turn    (no ring)
MPRegen 0.00/turn

%: infuse magic (-3 HP)
@: resistant, flying
A: sickness immunity, fire resistance 2, cold vulnerability 1, float, innate
caster, HP casting, extra vitality 1, antennae 1, large bone plates 1, clever 1,
clumsy 1, robust 1, strong 1, wild magic 2
a: Renounce Religion


You were on level 5 of the Dungeon.
You worshipped Xom.
You were a beloved toy of Xom.
You visited 1 branch of the dungeon, and saw 5 of its levels.

You collected 307 gold pieces.

Inventory:

Hand Weapons
 a - a +0 falchion of chaos (weapon)
Armour
 b - a +2 leather armour (worn)
 s - a +0 cloak (worn)
Jewellery
 i - the ring of the Rose (left hand) {rC+ Str+6 Int+4}
   (You acquired it on level 3 of the Dungeon)

   [ring of strength]

   Str+6:     It affects your strength (+6).
   Int+4:     It affects your intelligence (+4).
   rC+:       It protects you from cold.
Wands
 q - a wand of warping (15)
Scrolls
 c - a scroll of butterflies
 d - 3 scrolls of teleportation
 g - a scroll of torment {unknown}
 h - a scroll of identify
 k - 2 scrolls of enchant armour
 o - a scroll of amnesia {unknown}
 r - a scroll of poison {unknown}
Potions
 e - a potion of haste {unknown}
 f - a potion of curing {unknown}
 j - a potion of ambrosia {unknown}
 l - a potion of cancellation {unknown}
 m - a potion of resistance
 n - a potion of mutation
 p - 2 potions of heal wounds {unknown}
 t - a potion of might {unknown}


   Skills:
 + Level 3.8 Fighting
 + Level 3.4 Long Blades
 + Level 2.4 Armour
 + Level 3.3 Dodging
 * Level 2.2 Spellcasting
 * Level 2.2 Conjurations
 * Level 2.2 Hexes
 * Level 2.2 Summonings
 * Level 2.2 Necromancy
 * Level 2.2 Translocations
 * Level 2.2 Fire Magic
 * Level 2.2 Ice Magic
 * Level 2.2 Air Magic
 * Level 2.2 Earth Magic
 * Level 2.2 Alchemy
 + Level 1.4 Evocations


You knew the following spells:

 Your Spells              Type           Power      Damage    Failure   Level
a - Necrotise             Necr           76%        1d7       14%         1
b - Static Discharge      Conj/Air       38%        3-5/arc   21%         2
Your spell library was empty.

Dungeon Overview and Level Annotations

Branches:
Dungeon (5/15)
 Temple: D:4-7

Altars:
Qazlal
Xom


Innate Abilities, Weirdness & Mutations

You are immune to sickness and miasma.
You are immune to poison.
Your flesh is very heat resistant. (rF++)
You are vulnerable to cold. (rC-)
You float through the air rather than walking.
You learn spells naturally, not from books.
Your magical power is your life essence.
You have superior vitality. (+4 MHP)
You have a pair of small antennae on your head.
You are partially covered in large bone plates. (SH +4)
Your mind is acute. (Int +4, Str/Dex -1)
You are clumsy. (Dex -2)
You are robust. (+10% HP)
Your muscles are strong. (Str +4, Int/Dex -1)
Your spells are harder to cast, but more powerful.


Message History

The kobold brigand is moderately wounded.
The kobold barely misses you.
The kobold hits you with a +0 short sword.
The kobold brigand barely misses you. The kobold closely misses you.
The kobold throws a stone.
The stone hits you but does no damage.
The kobold throws a stone.
The stone hits you but does no damage.
You hit the kobold but do no damage. The kobold closely misses you.
The kobold brigand closely misses you.
You hit the kobold.
You kill the kobold!
The kobold closely misses you. The kobold hits you with a +0 dagger.
The kobold brigand completely misses you.
The kobold attacks as it pursues you! The kobold misses you.
You see here a +0 short sword. "Where it stops, nobody knows!"
Your surroundings suddenly seem different.
An orc comes into view. It is wielding a +0 hand axe.
Unknown command.
A centaur comes into view.
The orc shouts!
The centaur shouts!
The centaur wields a +0 shortbow.
The centaur shoots an arrow.
The arrow misses you. The orc hits you with a +0 hand axe.
You closely miss the orc.
The centaur shoots an arrow.
The arrow hits you. The orc closely misses you.
You barely miss the orc.
The centaur shoots an arrow.
The arrow hits you. The orc barely misses you.
The centaur shoots an arrow.
The arrow hits you!
* * * LOW HITPOINT WARNING * * *
The orc closely misses you.
You hit the orc.
The orc is almost dead.
The orc barely misses you.
It was a potion of resistance.
You feel protected. The orc hits you with a +0 hand axe.
* * * LOW HITPOINT WARNING * * *
It was a potion of mutation.
You feel extremely strange.
You feel stupid.
You feel less heat resistant.
You feel clumsy. The orc hits you with a +0 hand axe.
You die...
Xom titters!

#. #. #. #
#. ##.###.
.......##
..c{....#
#########.##
.......@oc.+
#########.##
#+# ...
...#+### ...
......# ...
......###
....
.......#
.....
#......#


You could see a centaur and an orc.

Vanquished Creatures
  A scorpion (D:4)
  A hound (D:5)
  Crazy Yiuf (D:3)
  A sleepcap (D:4)
  Ijyb (D:3)
  An orc wizard (D:4)
  3 adders
  4 dart slugs
  4 orcs (D:4)
  10 endoplasms
  5 giant cockroaches
  6 goblins
  6 hobgoblins
  4 kobolds
  5 quokkas
  6 ball pythons
  3 bats (D:1)
  3 frilled lizards
  10 rats
75 creatures vanquished.

Notes
Turn   | Place    | Note
-------+----------+-------------------------------------------
     0 | D:1      | Xavori the Djinni Chaos Knight began the quest for the Orb.
     0 | D:1      | Reached XP level 1. HP: 20/20 MP: 0/0
   168 | D:1      | Reached XP level 2. HP: 19/25 MP: 0/0
   519 | D:1      | XOM: potion effect (haste)
   529 | D:1      | Reached XP level 3. HP: 29/30 MP: 0/0
   529 | D:1      | Learned a level 1 spell: Necrotise
   628 | D:1      | Reached skill level 1 in Spellcasting
   628 | D:1      | Reached skill level 1 in Conjurations
   628 | D:1      | Reached skill level 1 in Hexes
   628 | D:1      | Reached skill level 1 in Summonings
   628 | D:1      | Reached skill level 1 in Necromancy
   628 | D:1      | Reached skill level 1 in Translocations
   628 | D:1      | Reached skill level 1 in Fire Magic
   628 | D:1      | Reached skill level 1 in Ice Magic
   628 | D:1      | Reached skill level 1 in Air Magic
   628 | D:1      | Reached skill level 1 in Earth Magic
   628 | D:1      | Reached skill level 1 in Alchemy
  1898 | D:1      | XOM: silly message
  1934 | D:1      | XOM: divination: detect creatures
  3861 | D:1      | XOM: god gift: book of Dangerous Friends
  3978 | D:1      | XOM: scenery: create altars
  3981 | D:1      | XOM: give mutations
  3981 | D:1      | Gained mutation: You are robust. (+10% HP) [Xom's grace]
  3981 | D:1      | Gained mutation: Your spells are a little harder to cast,
                  | but a little more powerful. [Xom's grace]
  3981 | D:1      | Gained mutation: Your muscles are strong. (Str +4, Int/Dex
                  | -1) [Xom's grace]
  3981 | D:1      | Gained mutation: Your spells are harder to cast, but more
                  | powerful. [Xom's grace]
  4302 | D:1      | XOM: give mutations
  4302 | D:1      | Gained mutation: You have hidden genetic potential. [Xom's
                  | grace]
  4302 | D:1      | Gained mutation: Your flesh is almost immune to the effects
                  | of heat. (rF+++) [Xom's grace]
  4302 | D:1      | Gained mutation: Your mind is acute. (Int +4, Str/Dex -1)
                  | [Xom's grace]
  4302 | D:1      | Gained mutation: You are partially covered in large bone
                  | plates. (SH +4) [Xom's grace]
  4424 | D:2      | XOM: cloud trail
  4755 | D:2      | XOM: 3-stop teleportation journey
  4995 | D:2      | XOM: god gift: scroll labelled IGOUS ZUSUNEUD {god gift}
  5187 | D:3      | Reached XP level 4. HP: 38/38 MP: 0/0
  5306 | D:3      | Noticed Ijyb
  5321 | D:3      | Killed Ijyb
  5327 | D:3      | Gained mutation: You have a pair of small antennae on your
                  | head. [hidden potential]
  5566 | D:3      | XOM: cloud trail
  5855 | D:3      | Found a runed translucent door.
  5856 | D:3      | Noticed Crazy Yiuf
  5864 | D:3      | XOM: cloud trail
  6002 | D:3      | Killed Crazy Yiuf
  6003 | D:3      | Reached XP level 5. HP: 41/44 MP: 0/0
  6003 | D:3      | Learned a level 2 spell: Static Discharge
  6053 | D:4      | Gained mutation: Your mind is very acute. (Int +8, Str/Dex
                  | -2) [hidden potential]
  6053 | D:4      | Lost mutation: You have hidden genetic potential. [hidden
                  | potential expressed]
  6189 | D:4      | HP: 2/44 [orc/+0 club (5)]
  6345 | D:3      | Identified a scroll of acquirement
  6346 | D:3      | Acquired the ring of the Rose {rC+ Str+6 Int+4}
  6437 | D:4      | Found a stormy altar of Qazlal.
  6459 | D:4      | Reached skill level 1 in Evocations
  6667 | D:4      | Reached XP level 6. HP: 37/51 MP: 0/0
  6913 | D:5      | Entered Level 5 of the Dungeon
  6977 | D:5      | XOM: 1-stop teleportation journey
  6985 | D:5      | Lost mutation: Your mind is very acute. (Int +8, Str/Dex
                  | -2) [potion of mutation]
  6985 | D:5      | Lost mutation: Your flesh is almost immune to the effects
                  | of heat. (rF+++) [potion of mutation]
  6985 | D:5      | Gained mutation: You are clumsy. (Dex -2) [potion of
                  | mutation]
  6985 | D:5      | Slain by an orc

Illustrated notes

Levels and vault maps discovered:
D:1:      dpeg_arrival_arbitrary_a, layout_loops_ring,
          dreamdust_princess_bridge, grunt_decor_fettered
D:2:      layout_loops_ring, nicolae_elevator_lobby_plus
D:3:      layout_loops_ring, uniq_crazy_yiuf_cottage, uniq_ijyb
D:4:      layout_cave_pools, kiku_gazebo_pond_becter,
          mainiacjoe_overflow_alcove_4
D:5:      layout_basic, nemelex_altar_shiori,
          mainiacjoe_overflow_six_doors_small, enter_ossuary_4

Skill      XL: |  1  2  3  4  5 |
---------------+----------------+-----
Spellcasting   | 1 2 |  2.2
Conjurations   | 1 2 |  2.2
Hexes          | 1 2 |  2.2
Summonings     | 1 2 |  2.2
Necromancy     | 1 2 |  2.2
Translocations | 1 2 |  2.2
Fire Magic     | 1 2 |  2.2
Ice Magic      | 1 2 |  2.2
Air Magic      | 1 2 |  2.2
Earth Magic    | 1 2 |  2.2
Alchemy        | 1 2 |  2.2
Long Blades    | 3 |  3.4
Armour         | 2 |  2.4
Dodging        | 3 |  3.3
Evocations     | 1 |  1.4
Fighting       | |  3.8

Action                     |  1- 3 |  4- 6 || total
---------------------------+-------+-------++-------
  Melee: Falchion          |   105 |   147 ||   252
    Use: Scroll            |     1 |     5 ||     6
         Potion            |       |     2 ||     2
   Stab: Sleeping          |     1 |       ||     1
         Petrified         |       |     3 ||     3
         Petrifying        |       |     1 ||     1
         Confused          |       |     1 ||     1
 Armour: Leather armour    |    66 |   104 ||   170
  Dodge: Dodged            |    64 |   110 ||   174
  Block: Other             |     5 |    23 ||    28

Table legend: (Time is in decaauts)
 A = Elapsed time spent in this place.
 B = Non-inter-level travel time spent in this place.
 C = Inter-level travel time spent in this place.
 D = Time resting spent in this place.
 E = Time spent auto-exploring this place.
 F = Levels seen in this place.
 G = Mean time per level.
                   A        B        C        D        E       F      G
               +--------+--------+--------+--------+--------+-----+--------+
         Total |   7004 |   6879 |    125 |   3787 |   2484 |   5 | 1400.8 |
       Dungeon |   7004 |   6879 |    125 |   3787 |   2484 |   5 | 1400.8 |
               +--------+--------+--------+--------+--------+-----+--------+

Top non-repeatable levels by time:
     D:1: 4293 daAuts
     D:3: 1162 daAuts
     D:2: 749 daAuts
     D:4: 724 daAuts
     D:5: 73 daAuts
